 Dungeon Crawl Stone Soup version 0.24.0-124-g2791043dd8 (webtiles) character file.

Game seed: 13881137295635244705, levelgen mode: deterministic

675239 Mesmaeker13 the Metallomancer (level 27, -4/234 HPs)
             Began as a Grey Draconian Earth Elementalist on Feb 12, 2020.
             Was a High Priest of Sif Muna.
             Slain by an Orb Guardian (29 damage)
             ... on level 5 of the Realm of Zot on Feb 14, 2020.
             The game lasted 06:28:34 (117291 turns).

Mesmaeker13 the Metallomancer (DrEE)              Turns: 117291, Time: 06:28:35

Health: -4/234     AC: 29    Str: 19      XL:     27
Magic:  26/50      EV: 31    Int: 20 (21) God:    Sif Muna [*****.]
Gold:   4716       SH: 10    Dex: 20 (21) Spells: 22/64 levels left

rFire    + + +     SeeInvis +   O - +9 double sword (freeze)
rCold    + . .     Gourm    +   b - +1 buckler {rF+}
rNeg     + . .     Faith    .   (armour unavailable)
rPois    +         Spirit   .   a - +2 hat
rElec    +         Reflect  .   Z - +2 cloak {MR+}
rCorr    .         Harm     .   w - +2 pair of gloves {Str+3}
MR       +++++                  N - +2 pair of boots of Submission {Str+6}
Stlth    ++++++....             e - amulet "Lufeth" {Gourm rPois rF+ MP+9}
HPRegen  0.89/turn              T - ring of the Traitor {+Inv rPois MR+ Int-4 SInv}
MPRegen  0.32/turn              n - ring "Qaumoeps" {rElec rF+ rC+ rN+}

@: agile, about to teleport, marked, studying Invocations
A: walk through water, unfitting armour, big wings, blurry vision 2, low mp 1,
magic resistance 1, regeneration 1, electricity resistance, unbreathing,
cold-blooded, AC +18
}: 3/15 runes: barnacled, silver, gossamer
a: Fly, Channel Magic, Forget Spell, Divine Exegesis, Renounce Religion, Evoke
Invisibility


You were on level 5 of the Realm of Zot.
You worshipped Sif Muna.
Sif Muna was extremely pleased with you.
You were full.

You visited 11 branches of the dungeon, and saw 53 of its levels.
You visited the Abyss 2 times.
You also visited: Sewer and Ice Cave.

You collected 8755 gold pieces.
You spent 4039 gold pieces at shops.

Inventory:

Hand Weapons
 G - a +7 trishula of holy wrath
 O - a +9 double sword of freezing (weapon)
Missiles
 h - 46 stones
 r - 20 throwing nets
 R - 35 curare-tipped darts (quivered)
Armour
 a - a +2 hat (worn)
 b - a +1 buckler of fire resistance (worn)
 u - a +5 shield of reflection
 w - a +2 pair of gloves of strength (worn)
 E - a +1 shield of positive energy
 N - the +2 pair of boots of Submission (worn) {Str+6}
   (You found it on level 5 of the Vaults)

   It affects your strength (+6).
 Z - a +2 cloak of magic resistance (worn)
Jewellery
 e - the amulet "Lufeth" (around neck) {Gourm rPois rF+ MP+9}
   (You bought it in a shop on level 1 of the Depths)

   [amulet of the gourmand]

   It allows you to eat raw meat even when not hungry.
   It protects you from fire.
   It protects you from poison.
   It affects your magic capacity (+9).
 l - the amulet "Cepsaix" {Gourm *Slow MR+++ Int+3 Stlth+}
   (You took it off a vampire mage on level 1 of the Depths)

   [amulet of the gourmand]

   It allows you to eat raw meat even when not hungry.
   It affects your intelligence (+3).
   It affects your resistance to hostile enchantments.
   It may slow you when you take damage.
   It makes you more stealthy.
 n - the ring "Qaumoeps" (right hand) {rElec rF+ rC+ rN+}
   (You acquired it on level 4 of the Realm of Zot)

   [ring of protection from cold]

   It protects you from fire.
   It protects you from cold.
   It insulates you from electricity.
   It protects you from negative energy.
 s - the ring "Patir" {AC+4 Int+7}
   (You acquired it on level 3 of the Spider Nest)

   [ring of protection]

   It affects your AC (+4).
   It affects your intelligence (+7).
 J - the ring of Gomyen {rPois rC+ EV+5}
   (You found it on level 4 of the Shoals)

   [ring of evasion]

   It affects your evasion (+5).
   It protects you from cold.
   It protects you from poison.
 T - the ring of the Traitor (left hand) {+Inv rPois MR+ Int-4 SInv}
   (You found it on level 5 of the Vaults)

   [ring of see invisible]

   It affects your intelligence (-4).
   It protects you from poison.
   It affects your resistance to hostile enchantments.
   It lets you see invisible.
   It lets you turn invisible.
 U - an uncursed amulet of the acrobat
Wands
 g - a wand of clouds (1)
 F - a wand of acid (1)
 M - a wand of digging (4)
Scrolls
 i - 5 scrolls of magic mapping
 p - 2 scrolls of brand weapon
 t - 11 scrolls of remove curse
 v - 3 scrolls of silence
 x - 8 scrolls of identify
 C - a scroll of amnesia
 H - a scroll of holy word
 K - 5 scrolls of teleportation
 L - 2 scrolls of fear
 Q - 2 scrolls of blinking
 V - 4 scrolls of fog
Potions
 d - a potion of magic
 f - 3 potions of curing
 k - 3 potions of cancellation
 o - 6 potions of flight
 z - 4 potions of resistance
 B - 2 potions of might
 D - 2 potions of agility
 I - 10 potions of brilliance
Books
 A - a manual of Invocations
Miscellaneous
 m - a crystal ball of energy
 y - a phantom mirror
 W - a lamp of fire
Comestibles
 c - 44 rations


   Skills:
 - Level 16.6 Fighting
 - Level 10.0 Long Blades
   Level 4.0 Staves
 + Level 16.3 Dodging
 + Level 12.0 Stealth
 - Level 15.0 Shields
 - Level 19.1 Spellcasting
 - Level 20.0 Conjurations
 - Level 14.1 Summonings
 - Level 12.4 Necromancy
 - Level 5.2 Transmutations
 - Level 11.6 Fire Magic
 - Level 25.0 Earth Magic
 - Level 11.1 Invocations
 - Level 6.4 Evocations


You had 22 spell levels left.
You knew the following spells:

 Your Spells              Type           Power        Failure   Level  Hunger
a - Spellforged Servitor  Conj/Summ      ######....   1%          7    ######.
b - Animate Dead          Necr           N/A          1%          4    None
c - Lee's Rapid Deconstr  Erth           #######...   0%          5    #......
d - Bolt of Magma         Conj/Fire/Erth #######...   1%          5    #......
e - Iron Shot             Conj/Erth      #######...   1%          6    ####...
f - Borgnjor's Vile Clut  Necr/Erth      #######...   1%          5    #......
g - Passwall              Tmut/Erth      ######..     0%          2    None
h - Lehudib's Crystal Sp  Conj/Erth      #######...   1%          8    #######

Your spell library contained the following spells:

 Spells                   Type           Power        Failure   Level  Hunger
 Animate Skeleton         Necr           N/A          0%          1    None
 Flame Tongue             Conj/Fire      #####        0%          1    None
 Magic Dart               Conj           ####         0%          1    None
 Pain                     Necr           ####         0%          1    None
 Sandblast                Erth           ######       0%          1    None
 Summon Butterflies       Summ           ######..     0%          1    None
 Summon Small Mammal      Summ           ####         0%          1    None
 Call Imp                 Summ           ######..     0%          2    None
 Searing Ray              Conj           ######       0%          2    None
 Throw Flame              Conj/Fire      ######       0%          2    None
 Conjure Flame            Conj/Fire      ######..     0%          3    None
 Stone Arrow              Conj/Erth      ######       0%          3    None
 Iskenderun's Mystic Bla  Conj           #######.     0%          4    None
 Beastly Appendage        Tmut           #####.       1%          1    None
 Shock                    Conj/Air       ####         1%          1    None
 Sting                    Conj/Pois      ####         1%          1    None
 Corpse Rot               Necr           N/A          1%          2    None
 Sticks to Snakes         Tmut           #####...     1%          2    None
 Sublimation of Blood     Necr           ######....   1%          2    None
 Throw Frost              Conj/Ice       ######       1%          2    None
 Call Canine Familiar     Summ           ######..     1%          3    None
 Dazzling Spray           Conj/Hex       ######       1%          3    None
 Ignite Poison            Fire/Tmut/Pois #####...     1%          3    None
 Inner Flame              Hex/Fire       #####...     1%          3    None
 Mephitic Cloud           Conj/Pois/Air  #####...     1%          3    None
 Recall                   Summ/Tloc      N/A          1%          3    None
 Regeneration             Chrm/Necr      #####.....   1%          3    None
 Static Discharge         Conj/Air       ######..     1%          3    None
 Summon Guardian Golem    Hex/Summ       #####...     1%          3    None
 Vampiric Draining        Necr           ######....   1%          3    None
 Force Lance              Conj/Tloc      ######..     1%          4    None
 Fulminant Prism          Conj/Hex       ######....   1%          4    None
 Leda's Liquefaction      Hex/Erth       ######....   1%          4    None
 Petrify                  Tmut/Erth      ######..     1%          4    None
 Sticky Flame             Conj/Fire      ######..     1%          4    None
 Summon Ice Beast         Ice/Summ       #####...     1%          4    None
 Summon Lightning Spire   Summ/Air       #####...     1%          4    None
 Throw Icicle             Conj/Ice       ######..     1%          4    None
 Agony                    Necr           ######..     1%          5    #......
 Aura of Abjuration       Summ           ######....   1%          5    #......
 Bolt of Draining         Conj/Necr      ######....   1%          5    #......
 Dispel Undead            Necr           ######..     1%          5    #......
 Fireball                 Conj/Fire      ######....   1%          5    #......
 Irradiate                Conj/Tmut      ######....   1%          5    #......
 Iskenderun's Battlesphe  Conj/Chrm      ######..     1%          5    #......
 Lightning Bolt           Conj/Air       ######....   1%          5    #......
 Summon Demon             Summ           ######....   1%          5    #......
 Venom Bolt               Conj/Pois      ######....   1%          5    #......
 Bolt of Fire             Conj/Fire      ######....   1%          6    ####...
 Shadow Creatures         Summ           N/A          1%          6    ####...
 Statue Form              Tmut/Erth      ######...    1%          6    ####...
 Orb of Destruction       Conj           #######...   1%          7    ######.
 Apportation              Tloc           ###...       2%          1    None
 Confusing Touch          Hex            ###...       2%          1    None
 Corona                   Hex            ###....      2%          1    None
 Freeze                   Ice            ###.         2%          1    None
 Infusion                 Chrm           ###.         2%          1    None
 Spider Form              Tmut/Pois      ####......   2%          3    None
 Death Channel            Necr           ######....   2%          6    ####...
 Blink                    Tloc           N/A          4%          2    None
 Ensorcelled Hibernation  Hex/Ice        ###...       4%          2    None
 Poisonous Vapours        Pois/Air       ###...       4%          2    None
 Shroud of Golubria       Chrm/Tloc      ###...       4%          2    None
 Slow                     Hex            ###.....     4%          2    None
 Song of Slaying          Chrm           ###.....     4%          2    None
 Swiftness                Chrm/Air       ###.....     4%          2    None
 Summon Forest            Summ/Tloc      #####.....   4%          5    #......
 Summon Mana Viper        Hex/Summ       #####...     4%          5    #......
 Excruciating Wounds      Chrm/Necr      #####.....   6%          5    #......
 Bolt of Cold             Conj/Ice       ######....   7%          6    ####...
 Conjure Ball Lightning   Conj/Air       ######....   7%          6    ####...
 Poison Arrow             Conj/Pois      ######....   7%          6    ####...
 Monstrous Menagerie      Summ           ######....   7%          7    ######.
 Summon Greater Demon     Summ           ######....   7%          7    ######.
 Summon Hydra             Summ           ######....   7%          7    ######.
 Confuse                  Hex            ###.....     9%          3    None
 Gell's Gravitas          Tloc           ###.......   9%          3    None
 Lesser Beckoning         Tloc           ###.......   9%          3    None
 Ozocubu's Armour         Chrm/Ice       ###.....     9%          3    None
 Portal Projectile        Hex/Tloc       ###...       9%          3    None
 Spectral Weapon          Hex/Chrm       ###.....     9%          3    None
 Teleport Other           Tloc           ###.....     9%          3    None
 Tukima's Dance           Hex            ###.....     9%          3    None
 Ice Form                 Ice/Tmut       ####....     9%          4    None
 Blade Hands              Tmut           #####.....   9%          5    #......
 Haunt                    Necr/Summ      ######....   10%         7    ######.
 Shatter                  Erth           #######...   10%         9    #######
 Airstrike                Air            ###.......   26%         4    None
 Cause Fear               Hex            ###.......   26%         4    None
 Olgreb's Toxic Radiance  Pois           ###.....     26%         4    None
 Passage of Golubria      Tloc           N/A          26%         4    None
 Alistair's Intoxication  Tmut/Pois      ####....     26%         5    #......
 Yara's Violent Unravell  Hex/Tmut       ####......   26%         5    #......
 Freezing Cloud           Conj/Ice/Air   #####.....   26%         6    ####...
 Simulacrum               Ice/Necr       #####.....   32%         6    ####...
 Hydra Form               Tmut           #####.....   43%         6    ####...
 Summon Horrible Things   Summ           ######....   50%         8    #######
 Metabolic Englaciation   Hex/Ice        ###.......   58%         5    #......
 Silence                  Hex/Air        ###.......   58%         5    #......
 Borgnjor's Revivificati  Necr           ######....   71%         8    #######
 Infestation              Necr           ######....   71%         8    #######
 Malign Gateway           Summ/Tloc      #####.....   77%         7    ######.
 Ignition                 Fire           ######....   83%         8    #######
 Ring of Flames           Chrm/Fire      #####.....   91%         7    ######.
 Dragon Form              Tmut           #####.....   95%         7    ######.
 Chain Lightning          Conj/Air       ######....   96%         8    #######
 Darkness                 Hex            ###.......   99%         6    ####...
 Deflect Missiles         Chrm/Air       ###.......   99%         6    ####...
 Dispersal                Tloc           ###.......   99%         6    ####...
 Invisibility             Hex            ###.....     99%         6    ####...
 Ozocubu's Refrigeration  Ice            ###.......   99%         6    ####...
 Necromutation            Tmut/Necr      ######....   99%         8    #######
 Fire Storm               Conj/Fire      ######....   99%         9    #######
 Death's Door             Chrm/Necr      #####.....   100%        8    #######
 Discord                  Hex            ###.......   100%        8    #######
 Dragon's Call            Summ           ######....   100%        9    #######
 Glaciate                 Conj/Ice       ######....   100%        9    #######
 Tornado                  Air            ###.......   100%        9    #######


Dungeon Overview and Level Annotations

Branches:
Dungeon (15/15)            Temple (1/1) D:4            Lair (6/6) D:11
 Shoals (4/4) Lair:3       Spider (4/4) Lair:4        Slime (0/5) Lair:5
    Orc (2/2) D:11            Elf (3/3) Orc:2        Vaults (5/5) D:13
  Crypt (3/3) Vaults:3       Tomb (0/3) Crypt:3      Depths (5/5) D:15
    Zot (5/5) Depths:5      Sewer (visited)           IceCv (visited)

Altars:
Ashenzari
Cheibriados
Dithmenos
Elyvilon
Fedhas
Gozag
Hepliaklqana
Kikubaaqudgha
Makhleb
Nemelex Xobeh
Okawaru
Qazlal
Ru
Sif Muna
Trog
Uskayaw
Vehumet
Wu Jian
Xom
Yredelemnul
Zin
The Shining One
Beogh
Jiyva

Shops:
D:7 [   D:12 *   D:13 [}   Orc:2 [:}*   Shoals:4 (   Vaults:3 ?   Vaults:5 :
Depths:1 =}=}

Portals:
Hell: Depths:1 Depths:2 Depths:3 Depths:4 Depths:5
Abyss: Depths:1 Depths:4
Pandemonium: Depths:3 Depths:5
Ziggurat: Depths:4

Annotations:
Shoals:2 Mara
Shoals:3 bl4d3's ghost, adept GrFi
Spider:4 1 runed translucent door, MisterT's ghost, adept HOFi


Innate Abilities, Weirdness & Mutations

You can walk through water.
Your dull iron-grey scales are very hard. (AC +18)
You cannot fit into any form of body armour.
You can survive without breathing.
You are cold-blooded and may be slowed by cold attacks.
Your large and strong wings let you fly indefinitely.
Scrolls take you longer to read.
Your magical capacity is low. (-10% MP)
You are resistant to hostile enchantments. (MR+)
Your natural rate of healing is unusually fast.
You are resistant to electric shocks. (rElec)


Message History

You block the Orb Guardian's attack.
The orb of fire glows yellow.
Strange energies course through your body.
You feel less energetic.
Your spellforged servitor gestures at the orb of fire while chanting.
The iron shot misses the orb of fire.
The iron shot hits the orb of fire!
The orb of fire emits a lurid red light.
The bolt of fire misses you.
Your spellforged servitor hums quietly as it recharges.
The orb of fire glows deep purple.
The bolt of fire hits the orb of fire.
The orb of fire completely resists.
The bolt of fire hits you! You resist.
* * * LOW HITPOINT WARNING * * *
The orb of fire glows red.
The fireball explodes!
The fireball engulfs you! You resist.
* * * LOW HITPOINT WARNING * * *
You feel better.
A quicksilver dragon comes into view.
The Orb Guardian hits you!!
You die...

.....## #....................#
......# #...........^........#
......## #..............^.....#
.....).###........^......^....#
#####...###..................##
##....##................##
###..[.............^..##
#▓▓▓▓▓▓▓▓▓▓▓##....^▓▓
▓▓▓▓..**@..........▓▓
##▓..8...X............▓▓
##......................▓▓ ▓▓▓▓
#.....p.p................▓
§.^▓▓▓........................▓
....▓▓...D^....^.............▓▓
.§...▓...............(......▓▓
§X.........................▓▓
.§§..▓......................▓▓


You could see 2 orbs of fire, 2 Killer Klowns, a quicksilver dragon, an Orb
Guardian and a friendly spellforged servitor.

Vanquished Creatures
  3 orbs of fire
  Mennas (Vaults:3)
  A juggernaut (Depths:4)
  2 ancient liches (Crypt:2)
  Sojobo (Vaults:2)
  Bai Suzhen (Depths:2)
  Saint Roka (Elf:2)
  Xtahua (Vaults:2)
  A caustic shrike (Depths:3)
  4 curse toes
  11 golden dragons
  the Enchantress (Depths:5)
  Arachne (Spider:2)
  An electric golem (Zot:1)
  5 liches
  9 tentacled monstrosities
  Asterion (Depths:2)
  7 quicksilver dragons
  9 Orb Guardians (Zot:5)
  A deep elf blademaster (Elf:3)
  A deep elf master archer (Elf:3)
  2 krakens
  4 death cobs
  Agnes (Elf:1)
  Polyphemus (Shoals:2)
  2 titans (Vaults:5)
  4 ancient champions
  3 sphinxes
  6 storm dragons
  4 tengu reavers
  9 shadow dragons
  2 revenants
  Ilsuiw (Shoals:3)
  8 draconian monks
  Donald (Vaults:3)
  6 draconian knights
  10 vault wardens
  3 frost giants
  8 ghost moths
  4 emperor scorpions
  2 iron dragons (Vaults:5)
  12 fire giants
  Aizul (Spider:4)
  An orc warlord (Vaults:4)
  A balrug (Depths:3)
  9 deep elf sorcerers (Elf:3)
  A curse skull (Crypt:3)
  2 reapers
  3 draconian annihilators
  A draconian shifter (Zot:3)
  5 deep elf elementalists
  8 spriggan defenders
  11 draconian stormcallers
  2 ghouls
  21 ironheart preservers
  3 war gargoyles
  15 very ugly things
  A juggernaut skeleton (Depths:3)
  8 green draconians
  15 stone giants
  5 vampire knights
  5 entropy weavers
  2 grey draconians (Depths:5)
  8 deep elf demonologists
  10 white draconians
  11 purple draconians
  12 deep elf annihilators
  5 black draconians
  16 spark wasps
  A minotaur (Shoals:4)
  The ghost of Zejumiv the Peltast, a journeyman MiFi of Wu Jian (Lair:2)
  10 red draconians
  9 yellow draconians
  10 deep elf death magi
  5 eidola
  A blizzard demon (Depths:3)
  11 ettins
  14 yaktaur captains
  2 merfolk javelineers (Shoals:4)
  10 fire dragons
  A green death (Abyss:3)
  10 jiangshi
  7 merfolk impalers
  A mummy priest (Crypt:3)
  11 great orbs of eyes
  8 deep elf high priests
  The ghost of hurston the Fighter, a journeyman GnWn of Makhleb (Lair:1)
  2 quicksilver dragon zombies (Crypt:3)
  10 ice dragons
  7 rakshasas
  5 spriggan air magi
  3 quicksilver dragon skeletons
  27 vault guards
  3 catoblepae
  The ghost of stayasinic the Grappler, a novice TrMo (Orc:2)
  18 centaur warriors
  An anaconda (shapeshifter) (Vaults:5)
  A hell beast (Depths:1)
  7 hydras
  3 merfolk avatars
  An alligator snapping turtle (Shoals:4)
  27 dancing weapons
  20 two-headed ogres
  4 deep troll shamans
  4 merfolk aquamancers
  4 satyrs
  4 death knights
  8 ogre magi
  13 death yaks
  8 vampire magi
  8 deep troll earth magi
  6 orc high priests
  15 spriggan berserkers
  9 thrashing horrors
  5 hell knights
  17 tengu warriors
  Nergalle (Lair:2)
  5 wretched stars
  3 sun demons
  7 soul eaters
  Sonja (Lair:3)
  16 deep elf knights
  2 iron trolls
  A sixfirhy (Depths:5)
  2 titan skeletons (Crypt:3)
  12 sea snakes
  26 deep trolls
  11 skeletal warriors
  2 anaconda zombies (Crypt:3)
  3 unseen horrors
  4 flayed ghosts
  5 glowing orange brains
  A lindwurm (shapeshifter) (Depths:2)
  26 harpies
  An orange crystal statue (Depths:1)
  2 wizards (Vaults:2)
  14 phantasmal warriors
  A golden dragon skeleton (Crypt:3)
  A shadow dragon zombie (Depths:3)
  13 deep elf archers
  A mana viper (shapeshifter) (Vaults:5)
  15 orc knights
  An anaconda skeleton (Crypt:3)
  36 ugly things
  14 ironbrand convokers
  93 deep elf magi
  19 necromancers
  A stone giant zombie (Vaults:4)
  13 orb spiders
  33 wolf spiders
  7 orc sorcerers
  20 fauns
  4 oklob plants (Lair:5)
  A tengu skeleton (Vaults:4)
  2 salamanders (shapeshifter)
  16 cyclopes
  A shadow dragon skeleton (Crypt:3)
  17 moths of wrath
  19 vault sentinels
  A fire giant zombie (Crypt:3)
  14 manticores
  10 merfolk sirens
  A black mamba (shapeshifter) (D:15)
  8 rust devils (Depths:3)
  3 water nymphs
  Maurice (D:9)
  11 elephants
  A human skeleton (Vaults:4)
  3 ice statues
  A water nymph (shapeshifter) (Vaults:5)
  4 black mambas
  23 spiny frogs
  A frost giant skeleton (Vaults:4)
  An orange demon (Abyss:4)
  2 smoke demons
  A torpor snail (Lair:6)
  An eye of devastation (shapeshifter) (Vaults:5)
  2 gargoyles
  A black draconian zombie (Crypt:2)
  2 large abominations
  2 spiny frogs (shapeshifter)
  6 kobold demonologists
  17 freezing wraiths
  4 rime drakes
  6 komodo dragons
  5 efreet
  38 yaktaurs
  A tormentor (Abyss:3)
  11 demonic crawlers
  9 hellwings
  An entropy weaver simulacrum (Vaults:1)
  6 red devils
  5 tengu conjurers
  2 ancient zymes
  A jumping spider (shapeshifter) (Vaults:2)
  A guardian mummy (Crypt:3)
  12 ice devils
  25 jumping spiders
  A queen bee (shapeshifter) (Vaults:1)
  A harpy zombie (Crypt:3)
  6 meliai
  9 trolls
  3 tyrant leeches (Lair:6)
  A polar bear (Lair:1)
  22 hornets
  2 queen ant zombies
  25 blink frogs
  4 wind drakes
  11 slime creatures
  Prince Ribbit (D:9)
  31 merfolk
  9 snapping turtles
  23 hippogriffs
  2 dream sheep (Shoals:4)
  6 raiju
  A fire dragon zombie (Crypt:3)
  2 black mamba zombies
  An ettin skeleton (Crypt:3)
  A centaur simulacrum (D:12)
  18 spriggans
  2 ynoxinuls
  5 flying skulls
  26 tarantellas
  72 redbacks
  2 air elementals
  2 tarantellas (shapeshifter)
  A fire dragon skeleton (Crypt:3)
  10 water elementals
  4 hogs (D:7)
  6 shadows
  11 wraiths
  11 wyverns
  10 basilisks
  A human (D:7)
  58 yaks
  5 hungry ghosts
  3 yaks (shapeshifter)
  2 fire elementals
  An ogre zombie (Vaults:1)
  A neqoxec (Abyss:4)
  A soldier ant (D:13)
  A merfolk zombie (Crypt:3)
  8 wargs
  14 vampire mosquitoes
  4 acid dragons
  2 hell hounds (Depths:3)
  3 floating eyes (D:11)
  8 porcupines
  13 water moccasins
  7 black bears
  7 sky beasts
  3 phantoms
  48 orc warriors
  3 ice beasts
  2 deep troll simulacra
  2 eyes of draining
  A black bear (shapeshifter) (Vaults:2)
  4 ettin simulacra (Depths:3)
  20 boggarts
  28 ogres
  9 crocodiles
  2 necrophages
  25 centaurs
  An orc skeleton (Vaults:1)
  15 wolves
  A hippogriff zombie (Crypt:1)
  A blink frog skeleton (Crypt:1)
  A rime drake zombie (Crypt:1)
  7 big kobolds
  26 bullfrogs
  An elf skeleton (Crypt:3)
  4 small abominations
  2 wyvern zombies
  2 earth elementals
  6 wyvern skeletons
  A cyclops skeleton (Crypt:2)
  A queen bee zombie (Crypt:2)
  14 killer bees
  A spriggan zombie (Crypt:2)
  17 wights
  A howler monkey (D:5)
  5 electric eels
  7 crimson imps
  3 bullfrog zombies
  2 jellies
  3 quasits
  38 orc priests
  A centaur skeleton (D:11)
  5 hounds
  A basilisk skeleton (Crypt:1)
  5 bullfrog skeletons
  An iron imp (Abyss:2)
  4 iguanas
  49 orc wizards
  9 worker ants
  A demigod skeleton (Crypt:2)
  2 hound zombies
  Robin (D:2)
  14 gnolls
  A howler monkey skeleton (D:6)
  15 adders
  3 river rats (Sewer)
  3 shadow imps
  5 white imps (IceCv)
  5 ufetubi
  2 oozes
  A lava snake zombie (Crypt:1)
  3 adder skeletons
  2 adder zombies
  A lava snake skeleton (Crypt:2)
  3 worms
  A worm (shapeshifter) (Depths:3)
  2 dart slugs
  9 leopard geckos
  139 orcs
  3 bat zombies (D:2)
  12 giant cockroaches
  10 hobgoblins
  5 jackals
  7 quokkas
  6 bats
  7 frilled lizards
  17 goblins
  2 jackal skeletons
  23 kobolds
  A leopard gecko zombie (D:7)
  A quokka skeleton (Crypt:1)
  A quokka zombie (D:5)
  7 rats
  A butterfly (Lair:5)
  2 fungi
  7 plants
  3 withered plants (Crypt:3)
2600 creatures vanquished.

Vanquished Creatures (collateral kills)
  4 ancient liches
  An orb of fire (Zot:5)
  Boris (Crypt:1)
  Margery (Crypt:2)
  A Killer Klown (Zot:5)
  5 golden dragons
  Jory (Crypt:1)
  A shard shrike zombie (Crypt:2)
  An electric golem (Zot:5)
  2 liches
  6 tentacled monstrosities
  5 quicksilver dragons
  11 Orb Guardians (Zot:5)
  3 titans
  3 shadow dragons
  5 death cobs
  A sphinx (Vaults:5)
  6 storm dragons
  2 tengu reavers
  A revenant (Crypt:2)
  3 draconian monks
  4 draconian knights
  A vault warden (Vaults:5)
  A ghost moth (Zot:2)
  A curse skull (Crypt:3)
  3 draconian scorchers
  A draconian stormcaller (Zot:1)
  6 reapers
  A stone giant (Vaults:5)
  2 vampire knights (Crypt:2)
  2 draconian annihilators (Zot:4)
  8 green draconians
  2 draconian shifters
  3 ironheart preservers (Vaults:5)
  A very ugly thing (Vaults:5)
  9 red draconians
  10 yellow draconians
  8 black draconians
  11 purple draconians
  A deep elf annihilator (Vaults:5)
  5 white draconians
  An ettin (Vaults:5)
  A deep elf death mage (Vaults:5)
  4 eidola
  3 jiangshi (Crypt:2)
  3 yaktaur captains (Vaults:5)
  4 vault guards (Vaults:5)
  5 two-headed ogres (Vaults:5)
  An ogre mage (Vaults:5)
  A dancing weapon (Vaults:5)
  3 soul eaters (Crypt:3)
  A deep elf knight (Vaults:5)
  A titan zombie (Crypt:3)
  A hell knight (Crypt:2)
  A skeletal warrior (Crypt:2)
  An anaconda zombie (Crypt:3)
  3 deep trolls (Vaults:5)
  A necromancer (Crypt:3)
  9 phantasmal warriors
  An iron dragon zombie (Crypt:3)
  An ironbrand convoker (Vaults:5)
  A deep elf archer (Vaults:5)
  10 deep elf magi (Vaults:5)
  An elephant (Lair:5)
  7 moths of wrath
  A vault sentinel (Vaults:5)
  A spiny frog (shapeshifter) (Vaults:5)
  5 yaktaurs (Vaults:5)
  A freezing wraith (Crypt:3)
  A guardian mummy (Crypt:3)
  5 hellwings (Crypt:3)
  A fire dragon zombie (Crypt:3)
  A black mamba zombie (Crypt:3)
  An ettin zombie (Crypt:3)
  A flying skull (Crypt:1)
  6 redbacks
  3 wraiths
  A tarantella (Spider:2)
  An ushabti (Crypt:3)
  A spiny frog zombie (Crypt:3)
  3 ogres (Vaults:5)
  4 wyvern skeletons (Crypt:3)
  A shapeshifter zombie (Crypt:2)
  A hound (shapeshifter) (Vaults:5)
  2 orcs (Vaults:5)
  A kobold skeleton (Crypt:1)
251 creatures vanquished.

Vanquished Creatures (others)
  A golden dragon (Zot:4)
  A sphinx (Vaults:5)
  A tengu reaver (Vaults:5)
  A draconian scorcher (Zot:2)
  A reaper (IceCv)
  A draconian stormcaller (Zot:1)
  2 stone giants
  A yellow draconian (Zot:4)
  A purple draconian (Zot:2)
  A red draconian (Zot:4)
  3 yaktaur captains
  An ogre mage (Vaults:3)
  2 quicksilver dragon simulacra (Depths:3)
  A deep elf mage (Vaults:5)
  An elephant (Lair:5)
  5 yaktaurs
  A demonic crawler (Spider:2)
  An orc warrior (Vaults:5)
  2 ettin simulacra (Depths:3)
  A small abomination (Abyss:4)
  6 white imps (IceCv)
  6 ufetubi (IceCv)
  An orc (Orc:1)
  A bush (Lair:6)
  53 fungi
  92 plants
  7 starspawn tentacles
  46 tentacles
  5 withered plants (Crypt:3)
246 creatures vanquished.

Grand Total: 3097 creatures vanquished

Notes
Turn   | Place    | Note
-------+----------+-------------------------------------------
     0 | D:1      | Mesmaeker13 the Draconian Earth Elementalist began the
                  | quest for the Orb.
     0 | D:1      | Reached XP level 1. HP: 14/14 MP: 3/3
   474 | D:1      | Reached XP level 2. HP: 20/20 MP: 1/5
  1312 | D:2      | Reached XP level 3. HP: 26/26 MP: 6/6
  1692 | D:2      | Noticed Robin
  1708 | D:2      | Killed Robin
  1725 | D:2      | Reached XP level 4. HP: 17/33 MP: 8/8
  2022 | D:2      | Found an ancient bone altar of Kikubaaqudgha.
  2486 | D:3      | Found a glowing drain.
  2504 | D:3      | Reached skill level 4 in Earth Magic
  2582 | Sewer    | Entered a sewer
  2596 | Sewer    | Reached XP level 5. HP: 22/38 MP: 0/9
  2923 | Sewer    | Found a white marble altar of Elyvilon.
  3374 | D:3      | Learned a level 3 spell: Stone Arrow
  3472 | D:3      | Reached XP level 6. HP: 45/45 MP: 11/11
  4018 | D:4      | Reached skill level 1 in Conjurations
  4099 | D:4      | Reached skill level 5 in Earth Magic
  4099 | D:4      | Your scales start taking on a dull iron-grey colour.
  4099 | D:4      | Reached skill level 6 in Earth Magic
  4099 | D:4      | Reached XP level 7. HP: 34/50 MP: 2/13
  4099 | D:4      | Gained mutation: You can survive without breathing. [Grey
                  | Draconian growth]
  4689 | D:4      | Found a staircase to the Ecumenical Temple.
  5022 | Temple   | Entered the Ecumenical Temple
  5042 | Temple   | Became a worshipper of Sif Muna the Loreminder
  5306 | D:5      | Entered Level 5 of the Dungeon
  6403 | D:6      | Reached skill level 7 in Earth Magic
  6403 | D:6      | Reached XP level 8. HP: 57/57 MP: 9/15
  6434 | D:6      | Reached skill level 5 in Spellcasting
  6439 | D:6      | Reached skill level 5 in Dodging
  6839 | D:6      | Got a crude quarterstaff
  6843 | D:6      | Identified the +2 quarterstaff of Theory {crush, Stlth+}
                  | (You found it on level 6 of the Dungeon)
  7023 | D:6      | Reached * piety under Sif Muna
  7046 | D:6      | Found an iron altar of Okawaru.
  7588 | D:7      | Reached skill level 1 in Staves
  7705 | D:7      | Got a transparent long sword
  7735 | D:7      | Noticed a hippogriff
  7905 | D:7      | Reached skill level 8 in Earth Magic
  8005 | D:7      | Learned a level 5 spell: Lee's Rapid Deconstruction
  8012 | D:7      | Reached XP level 9. HP: 46/62 MP: 8/16
  8112 | D:7      | Reached skill level 5 in Conjurations
  8228 | D:7      | Found Yneut's Antique Armour Emporium.
  8231 | D:7      | Bought a distressingly furry cloak for 199 gold pieces
  8242 | D:7      | Identified the +4 cloak of Parts Unknown {Str+3 Dex+4} (You
                  | bought it in a shop on level 7 of the Dungeon)
  8409 | D:7      | Reached ** piety under Sif Muna
  8416 | D:7      | Reached skill level 9 in Earth Magic
  8622 | D:7      | Identified the +7 long sword of Division {flame, Dex+4}
                  | (You found it on level 7 of the Dungeon)
  9022 | D:8      | Reached skill level 1 in Long Blades
  9499 | D:8      | Found a sparkling altar of Nemelex Xobeh.
  9627 | D:8      | Identified 2 scrolls of acquirement
  9632 | D:8      | Got a scorched buckler
  9638 | D:8      | Identified the +1 buckler "Pyviym" {*Contam rPois Dex+2}
                  | (You acquired it on level 8 of the Dungeon)
  9845 | D:9      | Reached XP level 10. HP: 69/69 MP: 6/17
  9846 | D:9      | Reached skill level 1 in Shields
  9849 | D:9      | Noticed Prince Ribbit
  9862 | D:9      | Killed Prince Ribbit
 10050 | D:9      | Reached skill level 10 in Earth Magic
 10055 | D:9      | Reached *** piety under Sif Muna
 10257 | D:9      | Noticed Maurice
 10301 | D:9      | Killed Maurice
 10593 | D:9      | Noticed a two-headed ogre
 10606 | D:9      | Killed a two-headed ogre
 10926 | D:9      | Reached skill level 5 in Long Blades
 11450 | D:10     | Entered Level 10 of the Dungeon
 11505 | D:10     | Reached skill level 11 in Earth Magic
 11505 | D:10     | Reached XP level 11. HP: 74/74 MP: 8/18
 11660 | D:10     | Found a shadowy altar of Dithmenos.
 12090 | D:10     | Reached **** piety under Sif Muna
 12962 | D:11     | Noticed a brown ugly thing
 12970 | D:11     | Killed a brown ugly thing
 13063 | D:11     | Found a frozen archway.
 13084 | IceCv    | Entered an ice cave
 13919 | IceCv    | Killed a reaper
 14206 | IceCv    | Gained mutation: Your magical capacity is low. (-10% MP)
                  | [mutagenic glow]
 14281 | IceCv    | Reached skill level 12 in Earth Magic
 14281 | IceCv    | Reached skill level 1 in Invocations
 15170 | IceCv    | Got a polished dagger
 15713 | D:11     | Noticed a cyan ugly thing
 15716 | D:11     | Noticed a two-headed ogre
 15769 | D:11     | Reached XP level 12. HP: 64/81 MP: 12/17
 15784 | D:11     | Paralysed by a floating eye for 2 turns
 16798 | D:12     | Noticed a death yak
 16815 | D:12     | Reached skill level 10 in Conjurations
 16830 | D:12     | Killed a death yak
 16831 | D:12     | Reached ***** piety under Sif Muna
 17065 | D:12     | Found Juxuho Kuamo's Assorted Antiques.
 17088 | D:12     | Reached skill level 5 in Invocations
 17097 | D:12     | Reached skill level 13 in Earth Magic
 17329 | D:12     | Identified Sif Muna's Handbook of Assistive Air (Sif Muna
                  | gifted it to you on level 12 of the Dungeon)
 17329 | D:12     | Received a gift from Sif Muna
 17648 | D:12     | Bought a scroll of identify for 54 gold pieces
 17648 | D:12     | Bought a glittering platinum ring for 135 gold pieces
 17648 | D:12     | Identified the ring "Tiommof" {Wiz MR- Str+6 Stlth+} (You
                  | bought it in a shop on level 12 of the Dungeon)
 17713 | D:12     | Noticed a two-headed ogre
 17718 | D:12     | Killed a two-headed ogre
 17931 | D:11     | Found a staircase to the Lair.
 18052 | D:11     | Paralysed by a floating eye for 4 turns
 18128 | D:11     | Killed a two-headed ogre
 18223 | D:11     | Found a staircase to the Orcish Mines.
 18244 | D:11     | Paralysed by a floating eye for 2 turns
 18253 | D:11     | Paralysed by a floating eye for 4 turns
 18736 | Lair:1   | Entered Level 1 of the Lair of Beasts
 18870 | Lair:1   | Reached XP level 13. HP: 81/86 MP: 7/18
 19015 | Lair:1   | Identified the cursed +0 dagger "Othowkok" {pierce, rN+
                  | Int+2} (You found it in an ice cave)
 19126 | Lair:1   | Found a runed translucent door.
 19184 | Lair:1   | Found a gate leading to a gauntlet.
 19336 | Lair:1   | Noticed hurston's ghost (journeyman GnWn)
 19337 | Lair:1   | Identified the +7 trident of Imbalance {protect, rPois rC+}
 19367 | Lair:1   | Killed hurston's ghost
 19714 | Lair:2   | Reached skill level 14 in Earth Magic
 19858 | Lair:2   | Noticed Nergalle
 19863 | Lair:2   | Killed Nergalle
 19863 | Lair:2   | Received a gift from Sif Muna
 21338 | Lair:3   | Noticed Zejumiv's ghost (journeyman MiFi)
 21564 | Lair:3   | Found a runed translucent gate.
 21564 | Lair:3   | Found a runed translucent gate.
 21564 | Lair:3   | Found a runed translucent gate.
 21594 | Lair:3   | Noticed Sonja
 21700 | Lair:3   | Killed Sonja
 21837 | Lair:3   | Found a staircase to the Shoals.
 22215 | Lair:2   | Killed Zejumiv's ghost
 22857 | Lair:4   | Reached XP level 14. HP: 68/93 MP: 16/22
 23359 | Lair:4   | Found a hole to the Spider Nest.
 23373 | Lair:4   | Reached skill level 15 in Earth Magic
 23642 | Lair:5   | Found a staircase to the Slime Pits.
 23642 | Lair:5   | Found a viscous altar of Jiyva.
 24127 | Lair:5   | Reached skill level 10 in Dodging
 24368 | Lair:5   | Identified Sif Muna's Catalogue of the Birds and
                  | Transmutation (Sif Muna gifted it to you on level 5 of the
                  | Lair of Beasts)
 24368 | Lair:5   | Received a gift from Sif Muna
 24771 | Lair:5   | Reached skill level 10 in Invocations
 25534 | Lair:6   | Entered Level 6 of the Lair of Beasts
 26971 | Lair:6   | Reached skill level 16 in Earth Magic
 27297 | Lair:6   | Identified Vehumet's Grimoire of Arcane Weapons
 27447 | Lair:6   | Reached XP level 15. HP: 99/99 MP: 15/25
 27519 | Lair:6   | Learned a level 5 spell: Bolt of Magma
 28159 | Orc:1    | Entered Level 1 of the Orcish Mines
 28652 | Orc:2    | Entered Level 2 of the Orcish Mines
 28669 | Orc:2    | Received a gift from Sif Muna
 28818 | Orc:1    | Reached skill level 1 in Fire Magic
 29991 | Orc:2    | Found Paroutsa's Armour Shoppe.
 29991 | Orc:2    | Found Reuwu's General Store.
 29991 | Orc:2    | Found Piusuo's Gadget Emporium.
 29995 | Orc:2    | Found Karuc's Book Shoppe.
 29999 | Orc:2    | Bought a scroll of identify for 22 gold pieces
 30054 | Orc:2    | Found a staircase to the Elven Halls.
 30065 | Orc:2    | Identified Sif Muna's Catalogue of Enchanting Earth (Sif
                  | Muna gifted it to you on level 2 of the Orcish Mines)
 30065 | Orc:2    | Received a gift from Sif Muna
 30157 | Orc:2    | Found a runed translucent gate.
 30158 | Orc:2    | Found a runed translucent gate.
 30159 | Orc:2    | Found a runed translucent gate.
 30159 | Orc:2    | Noticed stayasinic's ghost (novice TrMo)
 30161 | Orc:2    | Identified the +3 double sword of Suleakh {freeze, Str+4}
 30161 | Orc:2    | Identified the +1 plate armour "Qola" {Regen+ Int+3}
 30162 | Orc:2    | Found a roughly hewn altar of Beogh.
 30443 | Orc:2    | Killed stayasinic's ghost
 31114 | D:13     | Reached skill level 10 in Spellcasting
 31326 | D:13     | Found a gate to the Vaults.
 31417 | D:13     | Found Wausad Zuwe's Gadget Shop.
 31456 | D:13     | Found Goppy's Antique Armour Emporium.
 31468 | D:13     | Bought a pair of embroidered gloves for 217 gold pieces
 31983 | D:13     | Identified Sif Muna's Grimoire of Hurtful Transmutation
                  | (Sif Muna gifted it to you on level 13 of the Dungeon)
 31983 | D:13     | Received a gift from Sif Muna
 32489 | D:14     | Reached skill level 17 in Earth Magic
 32491 | D:14     | Reached skill level 5 in Fire Magic
 33047 | D:14     | Learned a level 6 spell: Iron Shot
 33511 | D:15     | Entered Level 15 of the Dungeon
 34216 | D:15     | Reached XP level 16. HP: 94/105 MP: 5/27
 34932 | D:15     | Found a staircase to the Depths.
 35374 | Spider:1 | Entered Level 1 of the Spider Nest
 36553 | Spider:1 | Identified Sif Muna's Disquisition on Ghastly Execration
                  | (Sif Muna gifted it to you on level 1 of the Spider Nest)
 36553 | Spider:1 | Received a gift from Sif Muna
 38574 | Spider:2 | Noticed Arachne
 38602 | Spider:2 | Killed Arachne
 38602 | Spider:2 | Reached skill level 18 in Earth Magic
 39435 | Spider:3 | Reached skill level 10 in Fire Magic
 39560 | Spider:3 | Identified Sif Muna's Catalogue of the Earthen Entourage
                  | (Sif Muna gifted it to you on level 3 of the Spider Nest)
 39560 | Spider:3 | Received a gift from Sif Muna
 40402 | Spider:3 | Got a flickering bone ring
 40403 | Spider:3 | Identified the ring "Patir" {AC+4 Int+7} (You acquired it
                  | on level 3 of the Spider Nest)
 40406 | Spider:4 | Entered Level 4 of the Spider Nest
 40623 | Spider:4 | Found a runed translucent door.
 40662 | Spider:4 | Noticed Aizul
 40678 | Spider:4 | Killed Aizul
 40786 | Spider:4 | Noticed MisterT's ghost (adept HOFi)
 41467 | Spider:4 | Reached XP level 17. HP: 111/111 MP: 16/27
 42994 | Spider:4 | Identified Lesegg's Incunabulum of the Earthen Compass (Sif
                  | Muna gifted it to you on level 4 of the Spider Nest)
 42994 | Spider:4 | Received a gift from Sif Muna
 44238 | Spider:4 | Got a gossamer rune of Zot
 44830 | Shoals:1 | Entered Level 1 of the Shoals
 46145 | Shoals:1 | Noticed a kraken
 46206 | Shoals:1 | Killed a kraken
 46507 | Shoals:2 | Reached skill level 19 in Earth Magic
 46979 | Shoals:2 | Learned a level 5 spell: Borgnjor's Vile Clutch
 47875 | Shoals:3 | Reached skill level 1 in Necromancy
 48943 | Shoals:3 | Noticed Polyphemus
 49178 | Shoals:2 | Killed Polyphemus
 49694 | Shoals:3 | Reached XP level 18. HP: 112/117 MP: 0/29
 50217 | Shoals:3 | Noticed Ilsuiw
 50346 | Shoals:3 | Killed Ilsuiw
 50348 | Shoals:3 | Noticed Mara
 50636 | Shoals:4 | Entered Level 4 of the Shoals
 51803 | Shoals:3 | Reached skill level 5 in Necromancy
 51870 | Shoals:4 | Identified the Collected Works on Dark Flames
 52301 | Shoals:4 | Found a hide-covered altar of Uskayaw.
 52655 | Shoals:4 | Found a large runed translucent door.
 52655 | Shoals:4 | Found a large runed translucent door.
 52806 | Shoals:4 | Noticed bl4d3's ghost (adept GrFi)
 52897 | Shoals:4 | Found Widurgh's Antique Weapon Emporium.
 53247 | Shoals:4 | Cast into level 2 of the Abyss (merfolk impaler)
 53400 | Shoals:4 | Escaped the Abyss
 53406 | Shoals:4 | Reached skill level 5 in Shields
 53780 | Shoals:4 | Got a barnacled rune of Zot
 54547 | D:12     | Bought a fizzy sapphire potion for 24 gold pieces
 54547 | D:12     | Bought a yellow potion for 24 gold pieces
 54689 | Depths:1 | Entered Level 1 of the Depths
 55041 | D:15     | Reached skill level 1 in Fighting
 55297 | Vaults:1 | Entered Level 1 of the Vaults
 56633 | Vaults:1 | Received a gift from Sif Muna
 57252 | Vaults:1 | Reached XP level 19. HP: 79/135 MP: 24/31
 58652 | Vaults:1 | Reached skill level 5 in Fighting
 58830 | Vaults:1 | Paralysed by a great orb of eyes for 7 turns
 59845 | Shoals:4 | Got a slimy bone ring
 59851 | Shoals:4 | Identified the ring of Gomyen {rPois rC+ EV+5} (You found
                  | it on level 4 of the Shoals)
 60121 | Elf:1    | Entered Level 1 of the Elven Halls
 61358 | Elf:1    | Received a gift from Sif Muna
 62065 | Elf:1    | Lost mutation: Your magical capacity is low. (-10% MP)
                  | [potion of mutation]
 62065 | Elf:1    | Gained mutation: You are clumsy. (Dex -2) [potion of
                  | mutation]
 62065 | Elf:1    | Gained mutation: You have large cloven feet. [potion of
                  | mutation]
 62065 | Elf:1    | Gained mutation: Your natural rate of healing is unusually
                  | fast. [potion of mutation]
 62091 | Elf:1    | Identified the Incunabulum of Damage Dealing
 62820 | Elf:2    | Noticed Agnes
 62832 | Elf:1    | Killed Agnes
 63744 | Elf:2    | Found a runed translucent gate.
 63744 | Elf:2    | Found a runed translucent gate.
 63744 | Elf:2    | Found a runed translucent gate.
 63917 | Elf:2    | Found Zoubroh's Food Emporium.
 64784 | Elf:2    | Noticed Saint Roka
 64959 | Elf:2    | Killed Saint Roka
 64959 | Elf:2    | Reached skill level 10 in Necromancy
 64959 | Elf:2    | Reached XP level 20. HP: 98/155 MP: 0/37
 66073 | Elf:3    | Entered Level 3 of the Elven Halls
 66090 | Elf:3    | Learned a level 2 spell: Passwall
 66505 | Elf:3    | Received a gift from Sif Muna
 67626 | Elf:3    | Reached skill level 10 in Shields
 67689 | Elf:3    | Identified the +7 short sword "Dunapt" {drain, Str+3}
 68637 | Elf:3    | Cast into level 3 of the Abyss (a deep elf sorcerer)
 68858 | Abyss:3  | Paralysed by accursed screaming for 1 turns
 69012 | Abyss:4  | Noticed a bone dragon
 69128 | Abyss:4  | Gained mutation: Your spells are a little easier to cast,
                  | but a little less powerful. [a neqoxec]
 69194 | Abyss:4  | Noticed a bone dragon
 69625 | Abyss:4  | Paralysed by accursed screaming for 2 turns
 69632 | Abyss:4  | Paralysed by accursed screaming for 1 turns
 69635 | Abyss:4  | Noticed a bone dragon
 69757 | Abyss:5  | Entered Level 5 of the Abyss
 69927 | Abyss:5  | Found a corrupted altar of Lugonu.
 70015 | Elf:3    | Escaped the Abyss
 70247 | Elf:3    | Reached skill level 10 in Fighting
 70503 | Elf:3    | Reached skill level 5 in Transmutations
 70941 | Elf:3    | Found the +9 staff of Wucad Mu {channel}
 70943 | Elf:3    | Identified the Tome of Shape Shifting and Unholy Arts
 70946 | Elf:3    | Identified the Papyrus of Congealing Creation
 70950 | Elf:3    | Identified the Almanac of Feathers
 70967 | Elf:3    | Identified the +5 whip "Liesaxea" {speed, Int+3} (You found
                  | it on level 3 of the Elven Halls)
 71316 | Elf:2    | Bought a ration for 65 gold pieces
 71316 | Elf:2    | Bought a ration for 65 gold pieces
 71316 | Elf:2    | Bought a ration for 65 gold pieces
 71316 | Elf:2    | Bought a ration for 65 gold pieces
 71316 | Elf:2    | Bought a ration for 65 gold pieces
 71316 | Elf:2    | Bought a ration for 65 gold pieces
 71870 | Depths:1 | Found Lis Pekett's Jewellery Boutique.
 71878 | Depths:1 | Bought the amulet "Lufeth" {Gourm rPois rF+ MP+9} for 1073
                  | gold pieces
 71979 | Depths:1 | Found a one-way gate to the infinite horrors of the Abyss.
 72241 | Depths:1 | Found a gateway to Hell.
 72733 | Depths:1 | Identified the amulet "Cepsaix" {Gourm *Slow MR+++ Int+3
                  | Stlth+}
 72754 | Depths:1 | Reached XP level 21. HP: 156/168 MP: 22/38
 73329 | Depths:1 | Found Xyditsanicw's Gadget Emporium.
 73329 | Depths:1 | Found Jageed's Jewellery Boutique.
 73330 | Depths:1 | Found Wask's Gadget Emporium.
 73607 | Depths:1 | Reached skill level 20 in Earth Magic
 74189 | Depths:2 | Noticed Bai Suzhen
 74202 | Depths:2 | Killed Bai Suzhen
 75891 | Depths:2 | Noticed Asterion
 76020 | Depths:2 | Identified Ereshkigal's Incunabulum of Ghastly Arcane
                  | Weapons (Sif Muna gifted it to you on level 2 of the
                  | Depths)
 76020 | Depths:2 | Received a gift from Sif Muna
 77254 | Depths:3 | Upgraded the game from 0.24.0-123-gd5b16e6ec5 to
                  | 0.24.0-124-g2791043dd8
 77593 | Depths:3 | Noticed a golden dragon
 77604 | Depths:3 | Killed a golden dragon
 77998 | Depths:3 | Found a hide-covered altar of Uskayaw.
 78000 | Depths:3 | Found a one-way gate leading to the halls of Pandemonium.
 79117 | Depths:3 | Reached skill level 21 in Earth Magic
 79127 | Depths:3 | Reached skill level 15 in Conjurations
 79205 | Depths:3 | Found a shimmering blue altar of Sif Muna.
 79732 | Depths:3 | Reached XP level 22. HP: 137/174 MP: 9/39
 79844 | Depths:3 | Identified the +7 quarterstaff of Buhaur {freeze, *Corrode
                  | rPois rN+}
 79889 | Depths:3 | Found a blossoming altar of Fedhas.
 79890 | Depths:3 | Noticed a golden dragon
 79899 | Depths:3 | Killed a golden dragon
 81738 | Depths:3 | Found a radiant altar of Vehumet.
 81766 | Depths:3 | Identified Sif Muna's Almanac of Intoxication and the
                  | Volcanoes (Sif Muna gifted it to you on level 3 of the
                  | Depths)
 81766 | Depths:3 | Received a gift from Sif Muna
 82834 | Depths:3 | Identified the Catalogue of Unstable Execration
 83686 | Vaults:2 | Noticed Xtahua
 83734 | Vaults:2 | Reached skill level 5 in Stealth
 84724 | Vaults:2 | Noticed Sojobo
 84808 | Vaults:2 | Killed Xtahua
 85362 | Vaults:2 | Killed Sojobo
 85653 | Vaults:3 | Identified Sif Muna's Almanac of the Gliding Snowflakes
                  | (Sif Muna gifted it to you on level 3 of the Vaults)
 85653 | Vaults:3 | Received a gift from Sif Muna
 86066 | Vaults:3 | Found Imon's Magic Scroll Shoppe.
 86114 | Vaults:3 | Noticed Mennas
 86329 | Vaults:2 | Reached skill level 22 in Earth Magic
 86576 | Vaults:3 | Killed Mennas
 86576 | Vaults:3 | Reached XP level 23. HP: 134/181 MP: 4/41
 86633 | Vaults:3 | Bought a scroll of enchant weapon for 127 gold pieces
 86633 | Vaults:3 | Bought a scroll of teleportation for 51 gold pieces
 86633 | Vaults:3 | Bought a scroll of acquirement for 884 gold pieces
 86644 | Vaults:3 | Got a clouded marble ring
 86645 | Vaults:3 | Identified the ring "Oczigetso" {rN+ Dex+4} (You acquired
                  | it on level 3 of the Vaults)
 86678 | Vaults:3 | You fall into a shaft and drop 1 floor!
 87617 | Vaults:3 | Found a staircase to the Crypt.
 87642 | Vaults:3 | Noticed Donald
 87652 | Vaults:3 | Killed Donald
 88009 | Vaults:3 | Identified Kaiclaof's Incunabulum of Sinister Envenoming
                  | (Sif Muna gifted it to you on level 3 of the Vaults)
 88009 | Vaults:3 | Received a gift from Sif Muna
 88018 | Vaults:3 | Reached skill level 10 in Long Blades
 89606 | Vaults:4 | Reached skill level 15 in Shields
 89622 | Vaults:4 | Identified Lee's Tome of Dusty Conjuration (Sif Muna gifted
                  | it to you on level 4 of the Vaults)
 89622 | Vaults:4 | Received a gift from Sif Muna
 90938 | Depths:1 | Bought the ring of Kilaaqas {+Blink rElec rC+ rN+ Int-4}
                  | for 712 gold pieces
 91025 | Depths:2 | Killed Asterion
 91303 | Depths:4 | Reached skill level 1 in Summonings
 91373 | Depths:4 | Reached skill level 15 in Spellcasting
 91806 | Depths:4 | Reached skill level 5 in Summonings
 92333 | Depths:4 | Noticed a caustic shrike
 92407 | Depths:3 | Killed a caustic shrike
 92407 | Depths:3 | Reached skill level 23 in Earth Magic
 92407 | Depths:3 | Reached XP level 24. HP: 159/189 MP: 18/42
 93164 | Depths:4 | Noticed a juggernaut
 93173 | Depths:4 | Killed a juggernaut
 93495 | Depths:4 | Found a gateway to a ziggurat.
 93751 | Depths:5 | Entered Level 5 of the Depths
 94379 | Depths:5 | Noticed the Enchantress
 94388 | Depths:5 | Reached skill level 10 in Summonings
 94396 | Depths:5 | Killed the Enchantress
 95268 | Depths:5 | Received a gift from Sif Muna
 95622 | Depths:5 | Reached skill level 24 in Earth Magic
 96651 | Depths:5 | Found a gate to the Realm of Zot.
 96950 | Depths:5 | Learned a level 7 spell: Spellforged Servitor
 97318 | Vaults:5 | Entered Level 5 of the Vaults
 98072 | Vaults:5 | Reached XP level 25. HP: 160/194 MP: 36/42
 98411 | Vaults:5 | Received a gift from Sif Muna
 98497 | Vaults:5 | Reached skill level 25 in Earth Magic
 98534 | Vaults:5 | Paralysed by a lich for 5 turns
 98551 | Vaults:5 | Identified the +5 broad axe "Xodionish" {chop, Str+3}
 98823 | Vaults:5 | Learned a level 4 spell: Animate Dead
 99958 | Vaults:5 | Found Ohapoxug's Book Shoppe.
 99996 | Vaults:5 | Got a crude ivory amulet
100006 | Vaults:5 | Identified the amulet "Ibarit" {+Rage rN+ Int+4} (You found
                  | it on level 5 of the Vaults)
100066 | Vaults:5 | Got a pair of spiked boots
100077 | Vaults:5 | Identified the +2 pair of boots of Submission {Str+6} (You
                  | found it on level 5 of the Vaults)
100090 | Vaults:5 | Got a coiled pewter ring
100093 | Vaults:5 | Identified the ring of the Traitor {+Inv rPois MR+ Int-4
                  | SInv} (You found it on level 5 of the Vaults)
100223 | Vaults:5 | Identified the Grimoire of Blistering Battle Magic
100378 | Vaults:5 | Got a silver rune of Zot
101128 | Crypt:1  | Entered Level 1 of the Crypt
101285 | Crypt:1  | Noticed Jory
101286 | Crypt:1  | Noticed Boris
101369 | Crypt:1  | Killed Boris
101422 | Crypt:1  | Killed Jory
101892 | Crypt:1  | Identified Vaawn's Grimoire of Creation (Sif Muna gifted it
                  | to you on level 1 of the Crypt)
101892 | Crypt:1  | Received a gift from Sif Muna
102533 | Crypt:2  | Found a huge runed gate.
102533 | Crypt:2  | Found a huge runed gate.
102533 | Crypt:2  | Found a huge runed gate.
102533 | Crypt:2  | Found a huge runed gate.
102533 | Crypt:2  | Found a huge runed gate.
102557 | Crypt:2  | Found a huge runed gate.
102557 | Crypt:2  | Found a huge runed gate.
102558 | Crypt:2  | Found a huge runed gate.
102563 | Crypt:2  | Found a huge runed gate.
103218 | Crypt:2  | Found a huge runed gate.
103218 | Crypt:2  | Found a huge runed gate.
103225 | Crypt:2  | Found a huge runed gate.
103225 | Crypt:2  | Found a huge runed gate.
103225 | Crypt:2  | Found a huge runed gate.
103232 | Crypt:2  | Found a huge runed gate.
103233 | Crypt:2  | Found a huge runed gate.
103234 | Crypt:2  | Found a huge runed gate.
103236 | Crypt:2  | Found a huge runed gate.
103236 | Crypt:2  | Found a huge runed gate.
103236 | Crypt:2  | Found a huge runed gate.
103459 | Crypt:2  | Noticed Margery
103489 | Crypt:2  | Reached skill level 15 in Dodging
103551 | Crypt:2  | Killed Margery
103645 | Crypt:2  | Found a basalt altar of Yredelemnul.
103665 | Crypt:2  | Found a huge runed gate.
103670 | Crypt:2  | Found a huge runed gate.
103670 | Crypt:2  | Found a huge runed gate.
103670 | Crypt:2  | Found a huge runed gate.
103670 | Crypt:2  | Found a huge runed gate.
103670 | Crypt:2  | Found a huge runed gate.
103673 | Crypt:2  | Found a huge runed gate.
103682 | Crypt:2  | Noticed an ancient lich
103682 | Crypt:2  | Noticed an ancient lich
103923 | Crypt:2  | Killed an ancient lich
104283 | Crypt:2  | Killed an ancient lich
104481 | Crypt:2  | Noticed an ancient lich
104483 | Crypt:2  | Reached XP level 26. HP: 189/202 MP: 39/42
104488 | Crypt:2  | Killed an ancient lich
104644 | Crypt:3  | Entered Level 3 of the Crypt
104662 | Crypt:3  | Identified Iroemues's Reference Book on Supportive Changing
                  | (Sif Muna gifted it to you on level 3 of the Crypt)
104662 | Crypt:3  | Received a gift from Sif Muna
105085 | Crypt:3  | Found a staircase to the Tomb.
105298 | Crypt:3  | Found the +5 scythe "Finisher" {speed, eviscerate}
106258 | Crypt:3  | Found an ancient bone altar of Kikubaaqudgha.
106320 | Crypt:3  | Identified Sif Muna's Incunabulum of Hurtful Companions
                  | (Sif Muna gifted it to you on level 3 of the Crypt)
106320 | Crypt:3  | Received a gift from Sif Muna
106832 | Crypt:3  | Noticed an ancient lich
106844 | Crypt:3  | Killed an ancient lich
107708 | Crypt:3  | Got a steaming jade ring
107709 | Crypt:3  | Identified the ring "Ymiaduj" {rC+ Int+3} (You found it on
                  | level 3 of the Crypt)
108065 | Lair:1   | Lost mutation: Your spells are a little easier to cast, but
                  | a little less powerful. [potion of mutation]
108065 | Lair:1   | Lost mutation: You have large cloven feet. [potion of
                  | mutation]
108065 | Lair:1   | Lost mutation: You are clumsy. (Dex -2) [potion of
                  | mutation]
108065 | Lair:1   | Gained mutation: You are resistant to hostile enchantments.
                  | (MR+) [potion of mutation]
108065 | Lair:1   | Gained mutation: You are resistant to electric shocks.
                  | (rElec) [potion of mutation]
108065 | Lair:1   | Gained mutation: Scrolls take you a little longer to read.
                  | [potion of mutation]
108065 | Lair:1   | Gained mutation: Your large and strong wings let you fly
                  | indefinitely. [potion of mutation]
108289 | Vaults:3 | Bought a scroll of enchant armour for 127 gold pieces
108765 | Zot:1    | Entered Level 1 of the Realm of Zot
108959 | Zot:1    | Learned a level 8 spell: Lehudib's Crystal Spear
109169 | Zot:1    | Found a stormy altar of Qazlal.
110681 | Zot:1    | Identified the Grimoire of the Zealot
110690 | Zot:1    | Identified the Incunabulum of Fire and Brimstone
111245 | Zot:2    | Noticed an orb of fire
111265 | Zot:2    | Killed an orb of fire
111276 | Zot:2    | Reached XP level 27. HP: 150/215 MP: 12/45
111854 | Zot:2    | Identified Leitwuac's Disquisition on Battle Magic and
                  | Fascination (Sif Muna gifted it to you on level 2 of the
                  | Realm of Zot)
111854 | Zot:2    | Received a gift from Sif Muna
113284 | Zot:3    | Noticed an orb of fire
113293 | Zot:3    | Killed an orb of fire
113521 | Zot:3    | Reached skill level 15 in Fighting
114489 | Zot:4    | Identified Teexeuwo's Tome of the Harmful Entourage (Sif
                  | Muna gifted it to you on level 4 of the Realm of Zot)
114489 | Zot:4    | Received a gift from Sif Muna
114613 | Zot:4    | Got a crude lead ring
114616 | Zot:4    | Identified the ring "Qaumoeps" {rElec rF+ rC+ rN+} (You
                  | acquired it on level 4 of the Realm of Zot)
115378 | Zot:4    | Reached skill level 1 in Evocations
115449 | Zot:5    | Entered Level 5 of the Realm of Zot
115460 | Zot:5    | Reached skill level 10 in Stealth
116197 | Zot:5    | Noticed an ancient lich
116202 | Zot:5    | Killed an ancient lich
116284 | Zot:5    | Noticed an ancient lich
116311 | Zot:5    | Killed an ancient lich
116473 | Zot:5    | Reached skill level 5 in Evocations
116536 | Zot:5    | Noticed an orb of fire
116545 | Zot:5    | Killed an orb of fire
116754 | Zot:5    | Noticed an orb of fire
116758 | Zot:5    | Killed an orb of fire
117278 | Zot:5    | Noticed an orb of fire
117284 | Zot:5    | Noticed an orb of fire
117285 | Zot:5    | Gained mutation: Scrolls take you longer to read. [an orb
                  | of fire]
117289 | Zot:5    | Gained mutation: Your magical capacity is low. (-10% MP)
                  | [an orb of fire]
117291 | Zot:5    | Slain by an Orb Guardian

Levels and vault maps discovered:
D:1:      minmay_arrival_jagged, layout_basic
D:2:      layout_basic, lemuel_zombie_altar_kikubaaqudgha, uniq_robin
D:3:      layout_basic, gup_sewer_entry_glass, first_ration
D:4:      layout_basic, temple_doors_e, serial_bayou_pond_b
D:5:      cheibrodos_helix_gallery, layout_basic, minmay_crystal_water
D:6:      layout_basic, dk_vineyard_1, skrybe_limestone_x, okawaru_gym_becter
D:7:      layout_cave_pools, serial_shops, nicolae_shop_behind_doors,
          grunt_livestock
D:8:      layout_cave_pods, nemelex_dance_club_becter
D:9:      layout_basic, uniq_prince_ribbit1, uniq_maurice
D:10:     layout_roguey, grunt_dithmenos_smoke
D:11:     layout_rooms, due_lair_maze_entry_diamond,
          minmay_orc_entry_guard_dogs, portal_ice_cave_entry_pillars_1,
          onia_ninara_cookie
D:12:     layout_loops_ring, serial_shops, shop_statue, serial_ice,
          serial_ice_g, serial_ice_i, serial_ice_e, serial_ice_c, serial_ice_d,
          serial_ice_n
D:13:     layout_roguey, david_vaults_1, serial_shops, nicolae_shop_stone,
          nicolae_shop_stone
D:14:     layout_loops_cross, roderic_nine_men_s_morris
D:15:     grunt_enter_depths_snipers, layout_cave_pools, palyth_stone_intersect,
          minmay_misc_feat_chi, minivault_23, chequers_serial_rivers_room_b,
          grunt_ministairs_10
Temple:   regret_index_temple_sigil_plot
Lair:1:   layout_regular_city, gauntlet_entry_generic,
          ebering_ghost_funeral_grove
Lair:2:   layout_chaotic_city, uniq_nergalle
Lair:3:   layout_roguey, minmay_shoals_entry_lonely_mermaid,
          gammafunk_ghost_split, uniq_sonja
Lair:4:   layout_regular_city, spider_nest_entry_rubble
Lair:5:   layout_hall_layers, slime_altar_1, special_room
          [special_room_mythical_zoo], serial_bayou_shore_a,
          lemuel_fruit_fields, minmay_lair_oklob_chamber
Lair:6:   minmay_lair_end_frog_pond, layout_layer_cave, serial_bayou_pond_e
Shoals:1: layout_shoals
Shoals:2: layout_shoals, nicolae_shoals_circle_sea_wall
Shoals:3: layout_shoals, st_cyclops, uniq_mara, uniq_ilsuiw, uniq_polyphemus
Shoals:4: shoals_end_hangedman, layout_shoals, serial_shops, shop,
          ebering_ghost_disaster_area, regret_index_shoals_crete
Spider:1: layout_spider_delve
Spider:2: layout_spider_delve, uniq_arachne
Spider:3: layout_spider_delve
Spider:4: spider_rune_water, ebering_ghost_reflecting_pool, uniq_aizul
Orc:1:    layout_caves
Orc:2:    st_orc_mages, layout_caves, biasface_ghost_orc_armoury, rock_pile
Elf:1:    eino_elf_arrival_customs, layout_geoelf_diagonals,
          minmay_elf_annihilation, eino_tiny_chamber
Elf:2:    layout_loops_corners, serial_shops, nicolae_shop_crystal, hex_tiny,
          uniq_agnes, uniq_saint_roka
Elf:3:    minmay_elf_hall_dome, layout_geoelf_castle
Vaults:1: nicolae_vaults_diagonal_hallway_8, vaults_dpeg_ring,
          vaults_mumra_minichess_inversion, ontoclasm_vaults_loading_screen,
          v_misc_4, hangedman_vaults_nodes, nicolae_vaults_specimen_jars,
          nicolae_vaults_network_s, v_misc_28, vaults_room_door_hall,
          nicolae_vaults_rhombus_6, layout_vaults_maze_snakey
Vaults:2: vaults_mumra_minichess, hangedman_vaults_slice,
          ontoclasm_vaults_ligature, v_pattern_2, v_rooms_2,
          hangedman_vaults_stream, v_misc_33, grunt_vaults_diagonal,
          nicolae_vaults_hallways_thing, vaults_room_stairs_pillars,
          vaults_room_large_hall, layout_vaults_big_cross, uniq_xtahua,
          uniq_sojobo
Vaults:3: vaults_standard_mumra_lines, minmay_crypt_entry_simple_box,
          nicolae_vaults_windows_and_doors_thing,
          nicolae_vaults_little_squares_4, nicolae_vaults_network_barrier,
          nicolae_vaults_back_hallway, v_misc_11, v_alt_pattern_1, v_misc_29,
          hangedman_vaults_maws, st_more_cells, layout_vaults_omnibox,
          serial_shops, shop, uniq_donald, uniq_mennas
Vaults:4: v_rooms_5, nicolae_vaults_theta, nicolae_vaults_diagonal_hallway_6,
          ontoclasm_vaults_claustrophobia, hangedman_vaults_stitches,
          ontoclasm_vaults_ring_large, nicolae_vaults_little_squares_3,
          vaults_room_hallway, v_misc_30, v_misc_25, layout_vaults_chaotic_city
Vaults:5
Crypt:1:  layout_chaotic_city, serial_co_window_serial, co_window_paths_b,
          co_window_cross_1, co_window_corner_a, co_window_paths_b,
          co_window_paths_b, co_window_corner_b, co_window_2corner,
          co_window_cross_4, co_window_broadway_a, co_window_unsneaky_path_a,
          co_window_4corner_a, co_window_paths_e, glass_columns_c,
          glass_columns_a, glass_columns_b, glass_columns_a, uniq_jory,
          uniq_boris
Crypt:2:  layout_gridlike, basic_altar, door_vault, uniq_margery
Crypt:3:  evilmike_haunted_forest
Depths:1: layout_forbidden_donut, serial_shops, shop, minmay_splitting_lines,
          grunt_mini_vestibule, abyss_entry_small_statue_room,
          grunt_decor_fettered, minmay_protected_statue, minmay_shop_grove,
          grunt_megastairs_4
Depths:2: nicolae_whirlpool, layout_cave_shapes, hell_entry,
          serial_bayou_pond_e, grunt_megastairs_5, minmay_staircase_bubble,
          serial_bayou_shore_b, serial_bayou_shore_b,
          roderic_lattice_octagonal_star, serial_bayou_shore_b, uniq_asterion,
          uniq_bai_suzhen
Depths:3: grunt_profane_halls [grunt_profane_temple_tar,
          grunt_profane_temple_dis, grunt_profane_temple_geh,
          grunt_profane_temple_coc, grunt_profane_loot], hell_entry, pan_entry
Depths:4: nicolae_legendary_halls, layout_cave_shapes, ziggurat_fallback,
          abyss_entry, pf_dread_powers_of_hell, fountainhead,
          serial_bayou_shore_b
Depths:5: evilmike_zot_entry_gauntlet, layout_long_grid, rand_demon_pan_entry_9,
          roderic_serpentine_path, pf_coc_iceberg, uniq_enchantress
Zot:1:    nicolae_zot_draconian_monastery, layout_misc_corridors
Zot:2:    nicolae_moth_party, layout_onion, grunt_megastairs_3
Zot:3:    kennysheep_blocky_hall, layout_twisted_circle
Zot:4:    layout_misc_corridors, grunt_megastairs_1
Zot:5:    layout_basic

Skill      XL: |  1  2  3  4  5  6  7  8  9 10 11 12 13 14 15 16 17 18 19 20 21 22 23 24 25 26 27 |
---------------+----------------------------------------------------------------------------------+-----
Dodging        | 2 3 4 5 7 8 9 10 12 13 14 15 16 | 16.3
Spellcasting   | 3 4 5 7 9 10 12 13 14 15 18 19 | 19.1
Earth Magic    | 4 6 7 8 9 11 12 13 14 16 17 18 19 21 22 23 24 25 | 25.0
Conjurations   | 1 3 4 6 8 9 10 11 12 13 15 18 20 | 20.0
Staves         | 2 3 4 |  4.0
Long Blades    | 2 5 7 8 9 10 | 10.0
Shields        | 4 6 9 11 13 14 15 | 15.0
Invocations    | 3 6 9 10 11 | 11.1
Fire Magic     | 6 10 11 | 11.6
Necromancy     | 3 7 10 11 12 | 12.4
Fighting       | 4 8 10 12 16 | 16.6
Transmutations | 5 |  5.2
Stealth        | 5 12 | 12.0
Summonings     | 6 14 | 14.1
Evocations     | 6 |  6.4

Action                   |  1- 3 |  4- 6 |  7- 9 | 10-12 | 13-15 | 16-18 | 19-21 | 22-24 | 25-27 || total
-------------------------+-------+-------+-------+-------+-------+-------+-------+-------+-------++-------
Melee: Unarmed           |    66 |       |       |       |       |       |       |       |       ||    66
       Tailslap          |    12 |    19 |    35 |    67 |   107 |   193 |   131 |   144 |   226 ||   934
       Dagger            |    67 |   157 |    96 |       |       |       |       |       |       ||   320
       Short sword       |       |       |     3 |       |       |       |       |       |       ||     3
       Quarterstaff      |       |       |    78 |       |       |       |       |       |       ||    78
       Long sword        |       |       |    40 |   315 |   319 |   611 |   696 |    22 |       ||  2003
       Double sword      |       |       |       |       |       |       |       |   656 |   994 ||  1650
Throw: Dart              |       |       |       |       |       |     3 |       |       |       ||     3
 Cast: Sandblast         |    13 |    44 |   101 |   123 |   498 |   594 |   349 |   105 |       ||  1827
       Stone Arrow       |       |     2 |    25 |    64 |   193 |   380 |   513 |   120 |       ||  1297
       Lee's Rapid Decon |       |       |     7 |    58 |   110 |    67 |   137 |   137 |   100 ||   616
       Iron Shot         |       |       |       |       |     2 |   120 |   134 |   226 |   254 ||   736
       Bolt of Magma     |       |       |       |       |     1 |    26 |    73 |   103 |    90 ||   293
       Borgnjor's Vile C |       |       |       |       |       |    14 |    85 |   112 |    40 ||   251
       Passwall          |       |       |       |       |       |       |     1 |       |     1 ||     2
       Spellforged Servi |       |       |       |       |       |       |       |     6 |   123 ||   129
       Animate Dead      |       |       |       |       |       |       |       |       |    27 ||    27
       Lehudib's Crystal |       |       |       |       |       |       |       |       |    13 ||    13
Invok: Channel Magic     |       |       |       |     2 |    12 |    19 |    12 |    10 |    10 ||    65
 Abil: Evoke Berserk Rag |       |       |       |     1 |       |       |       |       |       ||     1
Evoke: Wand              |       |       |     7 |    18 |    67 |    29 |    15 |     9 |     9 ||   154
       Lamp of fire      |       |       |       |       |       |       |     1 |     3 |       ||     4
  Use: Scroll            |       |     8 |     8 |     9 |    10 |    21 |    25 |    33 |    23 ||   137
       Potion            |       |       |     2 |     6 |     1 |    19 |    21 |     8 |    11 ||    68
 Stab: Sleeping          |     3 |     2 |     5 |     2 |     4 |       |       |     7 |     1 ||    24
       Distracted        |       |       |     1 |     3 |     1 |       |       |     3 |    41 ||    49
       Paralysed         |       |       |       |     3 |    11 |       |       |       |       ||    14
       Invisible         |       |       |       |       |     3 |     1 |       |       |       ||     4
       Confused          |       |       |       |       |       |     4 |       |       |       ||     4
  Eat: Chunk             |     3 |     8 |    22 |    24 |    49 |    49 |    98 |   134 |   102 ||   489
       Ration            |       |       |       |     8 |     9 |    24 |    15 |       |    13 ||    69
Armor: Skin              |    35 |    52 |   125 |   134 |   151 |   374 |   234 |   223 |   352 ||  1680
Dodge: Dodged            |    89 |   138 |   255 |   330 |   758 |  1822 |  1168 |   947 |   979 ||  6486
       Deflected         |       |       |     2 |       |       |    45 |    49 |    25 |       ||   121
Block: Buckler           |       |       |     1 |   129 |   280 |   524 |    49 |       |   169 ||  1152
       Shield            |       |       |       |       |       |       |   760 |   952 |   602 ||  2314
       Reflection        |       |       |       |       |       |       |       |    44 |    27 ||    71
       Rpst.: Long sword |       |       |    12 |    84 |   178 |   298 |   231 |    12 |       ||   815
       Double sword      |       |       |       |       |       |       |       |   165 |   188 ||   353
